[Event "*** Titled Tuesday Blitz"]
[Site "Chess.com"]
[Date "2020.04.21"]
[Round "7"]
[White "orrbaverlekszarnyon"]
[Black "Andrii_Prydun"]
[Result "0-1"]
[WhiteElo "2182"]
[BlackElo "2326"]
[TimeControl "180+1"]
[EndTime "11:17:55 PDT"]
[Termination "Andrii_Prydun won by resignation"]

1. e4 Nf6 2. e5 Nd5 3. c4 Nb6 4. a4 d6 5. a5 N6d7 6. exd6 cxd6 7. d4 g6 8. Nf3 Bg7 9. Nc3 O-O 10. Be2 Nc6 11. a6 bxa6 12. d5 Nce5 13. O-O Nxf3+ 14. Bxf3 Nc5 15. Be3 Qc7 16. Bd4 Rb8 17. Bxg7 Kxg7 18. Ra2 Rb4 19. Qd4+ Kg8 20. Rc1 Bf5 21. Ne4 Nb3 22. Qc3 Nxc1 23. Qxc1 Rxc4 24. Nc3 Rb8 25. h4 Rxh4 26. Qg5 0-1

[Event "*** Titled Tuesday Blitz"]
[Site "Chess.com"]
[Date "2020.04.21"]
[Round "7"]
[White "praveenb2002"]
[Black "lukas_111111"]
[Result "1-0"]
[WhiteElo "2722"]
[BlackElo "2542"]
[TimeControl "180+1"]
[EndTime "11:18:01 PDT"]
[Termination "praveenb2002 won by resignation"]

1. e4 e6 2. d4 d5 3. Nc3 Bb4 4. e5 c5 5. a3 Bxc3+ 6. bxc3 Qc7 7. Qg4 f6 8. Bb5+ Kf8 9. a4 c4 10. Ba3+ Kf7 11. Bd6 Qd8 12. a5 Nc6 13. a6 Qb6 14.
Bxc6 Qb2 15. axb7 Qxc3+ 16. Ke2 Qxc2+ 17. Kf1 1-0

[Event "*** Titled Tuesday Blitz"]
[Site "Chess.com"]
[Date "2020.04.21"]
[Round "7"]
[White "gahryman"]
[Black "kingnb"]
[Result "1-0"]
[WhiteElo "2671"]
[BlackElo "2445"]
[TimeControl "180+1"]
[EndTime "11:18:04 PDT"]
[Termination "gahryman won by resignation"]

1. d4 d6 2. e4 Nf6 3. Nc3 g6 4. Nf3 Bg7 5. Be2 O-O 6. O-O c5 7. d5 a6 8. a4 e6 9. h3 exd5 10. exd5 b6 11. Bf4 Re8 12. Bd3 Ra7 13. Nd2 Rae7 14.
Nc4 Rd7 15. Qf3 Bb7 16. Rfe1 Bf8 17. Bg5 Rxe1+ 18. Rxe1 Bg7 19. Ne4 Bxd5 20. Nxf6+ Bxf6 21. Qxf6 Qf8 22. Bh6 1-0

[Event "*** Titled Tuesday Blitz"]
[Site "Chess.com"]
[Date "2020.04.21"]
[Round "7"]
[White "Shuvalov"]
[Black "AcsinteMatei"]
[Result "1-0"]
[WhiteElo "2459"]
[BlackElo "2257"]
[TimeControl "180+1"]
[EndTime "11:18:13 PDT"]
[Termination "Shuvalov won by resignation"]

1. Nf3 d5 2. c4 c6 3. g3 Nf6 4. Bg2 Bf5 5. cxd5 cxd5 6. Qb3 Qc7 7. Nc3 e6 8. d3 a6 9. Bf4 Qc8 10. Rc1 Nc6 11. Na4 Bb4+ 12. Kf1 O-O 13. Nb6 Qd8 14. Nxa8 Qxa8 15. Rxc6 bxc6 16. Qxb4 a5 17. Qc3 Nd7 18. Nh4 Bg6 19. Nxg6 fxg6 20. Bf3 g5 21. Bxg5 e5 22. Kg2 Qa7 23. Qxc6 e4 24. Qxd5+ Kh8 25. Qxe4 1-0

[Event "*** Titled Tuesday Blitz"]
[Site "Chess.com"]
[Date "2020.04.21"]
[Round "7"]
[White "GracefulYear"]
[Black "Playgood28"]
[Result "1-0"]
[WhiteElo "2518"]
[BlackElo "2170"]
[TimeControl "180+1"]
[EndTime "11:18:20 PDT"]
[Termination "GracefulYear won by resignation"]

1. d4 f5 2. c4 Nf6 3. Nf3 g6 4. g3 Bg7 5. Bg2 d6 6. O-O O-O 7. Nc3 c6 8. d5 e5 9. dxe6 Bxe6 10. Qd3 Na6 11. a3 Nc5 12. Qc2 Bxc4 13. b4 Ncd7 14. Bb2 Bf7 15. Rad1 d5 16. Ng5 Qe7 17. Nxf7 Qxf7 18. b5 Rac8 19. Qb3 Ne4 20. bxc6 bxc6 21. Nxe4 dxe4 22. Rxd7 Qxb3 23. Rxg7+ Kh8 24. Rb7+ Qxb2 25. Rxb2 1-0

[Event "*** Titled Tuesday Blitz"]
[Site "Chess.com"]
[Date "2020.04.21"]
[Round "7"]
[White "inegrepus"]
[Black "dey2580"]
[Result "1-0"]
[WhiteElo "2281"]
[BlackElo "2417"]
[TimeControl "180+1"]
[EndTime "11:18:27 PDT"]
[Termination "inegrepus won by resignation"]

1. d4 Nf6 2. c4 e6 3. g3 d5 4. Nf3 Nbd7 5. Nbd2 Bb4 6. Bg2 dxc4 7. O-O Bxd2 8.
Bxd2 O-O 9. Qc2 Nb6 10. a4 a5 11. e3 Nfd5 12. Ne5 Nb4 13. Bxb4 axb4 14. Nxc4 c6 15. Ne5 Ra5 16. b3 Qe7 17. Nd3 Nd5 18. Nc5 Rd8 19. Qd3 Nc3 20. Qc4 b6 21. Nd3 Ba6 22. Qxb4 c5 23.
Qxc3 cxd4 24. exd4 Qd6 25. Ne5 Rc8 26. Qe3 Bxf1 27. Rxf1 Qb4 28. Nc6 1-0

[Event "*** Titled Tuesday Blitz"]
[Site "Chess.com"]
[Date "2020.04.21"]
[Round "7"]
[White "Caterpiller35"]
[Black "secretsuperstar7"]
[Result "1-0"]
[WhiteElo "2364"]
[BlackElo "2187"]
[TimeControl "180+1"]
[EndTime "11:18:27 PDT"]
[Termination "Caterpiller35 won by resignation"]

1. d4 d5 2. Bf4 Nf6 3. e3 c5 4. c3 e6 5. Nd2 Nc6 6. Ngf3 Bd6 7.
Bg3 Qe7 8. Bb5 O-O 9. O-O Bd7 10. Bxc6 Bxc6 11. Ne5 Bb5 12. Re1 Nd7 13. Ndf3 f6 14.
Nxd7 Bxd7 15. e4 Bxg3 16. hxg3 cxd4 17. Qxd4 Bc6 18. exd5 Rad8 19. Rxe6 Qf7 20. c4 Bd7 21. Re3 b5 22. c5 Bc6 23. d6 Rd7 24. Rae1 Rfd8 25.
a3 Qd5 26. Qxd5+ Bxd5 27. Nd4 a6 28. c6 Rxd6 29. c7 Rc8 30. Re8+ 1-0

[Event "*** Titled Tuesday Blitz"]
[Site "Chess.com"]
[Date "2020.04.21"]
[Round "7"]
[White "emperor87"]
[Black "youngKID"]
[Result "0-1"]
[WhiteElo "2645"]
[BlackElo "2808"]
[TimeControl "180+1"]
[EndTime "11:18:29 PDT"]
[Termination "youngKID won by resignation"]

1. e4 c5 2. Nf3 Nc6 3. Nc3 e6 4. Bb5 Nge7 5. O-O a6 6. Bxc6 Nxc6 7. d4 cxd4 8. Nxd4 Qc7 9. a4 Bc5 10. Nb3 Be7 11. a5 O-O 12. Bd2 Rd8 13. Na4 d5 14. exd5 exd5 15. Nb6 Rb8 16. Qf3 Be6 17. Bf4 Bd6 18.
Bxd6 Rxd6 19. Qe3 Nxa5 20. Rxa5 Qxb6 21. Qxb6 Rxb6 22. Rd1 Rc8 23. Rd2 Rxb3 0-1

[Event "*** Titled Tuesday Blitz"]
[Site "Chess.com"]
[Date "2020.04.21"]
[Round "7"]
[White "GuerrieroFromLevant"]
[Black "vpsetter"]
[Result "0-1"]
[WhiteElo "2416"]
[BlackElo "2605"]
[TimeControl "180+1"]
[EndTime "11:18:31 PDT"]
[Termination "vpsetter won by resignation"]

1. e4 e5 2. Nf3 Nc6 3. Bb5 Nf6 4. d3 d6 5. O-O Bd7 6. Bg5 a6 7. Bxc6 Bxc6 8. d4 h6 9. Bxf6 Qxf6 10. Nc3 O-O-O 11.
a4 g5 12. dxe5 dxe5 13. Qe2 g4 14. Ne1 h5 15. Nd3 Rd4 16. f4 Rxd3 17. fxe5 Bc5+ 18. Kh1 Qxe5 19. cxd3 Bd6 20. g3 h4 21. Rf5 Qxf5 0-1

[Event "*** Titled Tuesday Blitz"]
[Site "Chess.com"]
[Date "2020.04.21"]
[Round "7"]
[White "Alopekos"]
[Black "SHIVACalypso"]
[Result "1-0"]
[WhiteElo "2372"]
[BlackElo "2225"]
[TimeControl "180+1"]
[EndTime "11:18:31 PDT"]
[Termination "Alopekos won by resignation"]

1. e4 e6 2. d4 d5 3. Nc3 Nf6 4. e5 Nfd7 5. Qg4 c5 6. dxc5 Nc6 7. Nf3 Ndxe5 8. Nxe5 Nxe5 9. Qg3 Ng6 10. Nb5 e5 11. h4 h5 12. Bd3 Be6 13. Bxg6 fxg6 14. Qxe5 Kf7 15. Nc7 1-0

[Event "*** Titled Tuesday Blitz"]
[Site "Chess.com"]
[Date "2020.04.21"]
[Round "7"]
[White "pawnwonder"]
[Black "axvesik"]
[Result "0-1"]
[WhiteElo "2204"]
[BlackElo "2473"]
[TimeControl "180+1"]
[EndTime "11:18:36 PDT"]
[Termination "axvesik won by checkmate"]

1. e4 e6 2. d4 d5 3. e5 c5 4. c3 Nc6 5. Nf3 Bd7 6. Be2 Rc8 7. O-O Nge7 8. Na3 Nf5 9. Nc2 cxd4 10.
cxd4 Be7 11. g4 Nh4 12. Nxh4 Bxh4 13. f4 Be7 14. Be3 f6 15. exf6 Bxf6 16. Bd3 Qb6 17.
Kh1 g6 18. f5 exf5 19. gxf5 Ne7 20. fxg6 hxg6 21. Qf3 Bf5 22. Ne1 Qxb2 23. Bxf5 Qxh2# 0-1

[Event "*** Titled Tuesday Blitz"]
[Site "Chess.com"]
[Date "2020.04.21"]
[Round "7"]
[White "chenrip"]
[Black "dukicz123"]
[Result "0-1"]
[WhiteElo "2362"]
[BlackElo "2581"]
[TimeControl "180+1"]
[EndTime "11:18:36 PDT"]
[Termination "dukicz123 won by resignation"]

1. e4 e5 2. Nf3 Nc6 3. d4 exd4 4. Nxd4 Nf6 5. Nxc6 bxc6 6. Qe2 d5 7. exd5+ Be7 8. Nc3 O-O 9. Be3 cxd5 10. O-O-O c5 11. Bg5 d4 12. Bxf6 Bxf6 13. Ne4 Bf5 14. Nxf6+ Qxf6 15. Qc4 Rab8 16. Bd3 Bxd3 17. Rxd3 Qg5+ 18. Kb1 Qxg2 19.
Rhd1 Rbc8 20. h4 Qxf2 21. h5 h6 22. Ra3 Rfe8 23. Rxa7 Re1 24. Qd3 c4 0-1

[Event "*** Titled Tuesday Blitz"]
[Site "Chess.com"]
[Date "2020.04.21"]
[Round "7"]
[White "CookiesAndIceCream"]
[Black "Funkmaus"]
[Result "1-0"]
[WhiteElo "2371"]
[BlackElo "2200"]
[TimeControl "180+1"]
[EndTime "11:18:36 PDT"]
[Termination "CookiesAndIceCream won by resignation"]

1. e4 c6 2. d4 d5 3. e5 Bf5 4.
Nf3 e6 5. Be2 h5 6. O-O c5 7. c4 Nc6 8. Nc3 cxd4 9. Nxd4 Nxd4 10. Qxd4 dxc4 11. Qxc4 Ne7 12. Rd1 Qc8 13. Qa4+ Nc6 14.
Bg5 Be7 15. Bxe7 Kxe7 16. Qa3+ Ke8 17. Nb5 Qb8 18. Nd6+ Kf8 19. Nxf5+ 1-0

[Event "*** Titled Tuesday Blitz"]
[Site "Chess.com"]
[Date "2020.04.21"]
[Round "7"]
[White "algatar2020"]
[Black "albano87"]
[Result "1-0"]
[WhiteElo "1970"]
[BlackElo "2357"]
[TimeControl "180+1"]
[EndTime "11:18:52 PDT"]
[Termination "algatar2020 won by resignation"]

1. d4 d5 2. Nf3 Nf6 3. Bf4 e6 4. e3 Bd6 5. Bg3 O-O 6. c3 c5 7.
Nbd2 Nc6 8. Bd3 Qe7 9. Qe2 e5 10. dxe5 Nxe5 11. Nxe5 Bxe5 12. O-O-O a6 13. Nf3 Bg4 14.
Bxe5 Bxf3 15. Bxf6 Bxe2 16. Bxe7 Bxd1 17. Bxf8 Kxf8 18.
Rxd1 Ke7 19. Be2 Ke6 20. Bf3 Rd8 21. c4 d4 22. Bxb7 a5 23. exd4 cxd4 24. Bd5+ Ke5 25.
Bxf7 Rf8 26. Bd5 Rxf2 27. Bf3 g5 28. h3 h5 29. c5 g4 30. hxg4 hxg4 31. Bb7 Rf4 32.
Kc2 g3 33. a3 Rf2+ 34. Rd2 Rf7 35. Bf3 Rc7 36. b4 axb4 37. axb4 Rf7 38. Kb3 Kf4 39. Kc4 Ke3 40. Re2+ 1-0

[Event "*** Titled Tuesday Blitz"]
[Site "Chess.com"]
[Date "2020.04.21"]
[Round "7"]
[White "mortngabriel"]
[Black "mjray79"]
[Result "1-0"]
[WhiteElo "2442"]
[BlackElo "2263"]
[TimeControl "180+1"]
[EndTime "11:18:55 PDT"]
[Termination "mortngabriel won by checkmate"]

1. Nf3 Nf6 2. g3 g6 3. Bg2 Bg7 4. O-O O-O 5. d4 d6 6. c4 Nc6 7. Nc3 a6 8. e4 e5 9. dxe5 dxe5 10. Qxd8 Rxd8 11. Bg5 Be6 12. Nd5 Bxd5 13. cxd5 Nd4 14.
Nxd4 exd4 15. e5 h6 16. Bxf6 Bxf6 17. exf6 c6 18. dxc6 bxc6 19. Bxc6 Rab8 20. b3 Rd6 21. Bg2 Rxf6 22. Rad1 Rd8 23. Rd3 Re6 24. Rfd1 Re2 25.
Rxd4 Rxd4 26. Rxd4 Rxa2 27. Ra4 Rxa4 28. bxa4 Kf8 29. Bb7 a5 30. Bc6 Ke7 31. f4 Kd6 32. Bb5 Kc5 33. Kf2 Kb4 34. Ke3 g5 35. fxg5 hxg5 36.
h4 f5 37. hxg5 f4+ 38. Kxf4 Ka3 39. Ke5 Kb2 40. g6 Ka2 41. g7 Ka1 42. g8=Q Kb2 43.
Qc4 Kb1 44. Qe2 Ka1 45. Kd4 Kb1 46. Kc3 Ka1 47. Qb2# 1-0

[Event "*** Titled Tuesday Blitz"]
[Site "Chess.com"]
[Date "2020.04.21"]
[Round "7"]
[White "ApacheSVD"]
[Black "Enriquack"]
[Result "1-0"]
[WhiteElo "2411"]
[BlackElo "2251"]
[TimeControl "180+1"]
[EndTime "11:18:56 PDT"]
[Termination "ApacheSVD won by resignation"]

1. e4 c5 2. Nf3 e6 3. d4 cxd4 4. Nxd4 Nc6 5. Nc3 Qc7 6. Be3 a6 7. Qf3 b5 8. O-O-O Bb7 9. Qg3 Qxg3 10. hxg3 Nxd4 11. Bxd4 b4 12. Na4 Bxe4 13. Nb6 Rb8 14.
Nxd7 Rc8 15. Rd2 Nf6 16. Bxf6 1-0

[Event "*** Titled Tuesday Blitz"]
[Site "Chess.com"]
[Date "2020.04.21"]
[Round "7"]
[White "MaxVavulin"]
[Black "JonahWillow"]
[Result "0-1"]
[WhiteElo "2581"]
[BlackElo "2756"]
[TimeControl "180+1"]
[EndTime "11:18:57 PDT"]
[Termination "JonahWillow won by resignation"]

1. e4 c5 2. Nf3 Nc6 3. d4 cxd4 4. Nxd4 g6 5. Nc3 Bg7 6. Be3 Nf6 7. Bc4 O-O 8. Bb3 d6 9. h3 Na5 10. O-O a6 11. Qf3 Bd7 12. Rad1 Rc8 13. Rfe1 Qc7 14. Bg5 Bc6 15. Qg3 Nxb3 16. cxb3 Qa5 17. Nxc6 bxc6 18. Qf3 Qxg5 0-1

[Event "*** Titled Tuesday Blitz"]
[Site "Chess.com"]
[Date "2020.04.21"]
[Round "7"]
[White "smshk35"]
[Black "Chess_Boxer123"]
[Result "1-0"]
[WhiteElo "2361"]
[BlackElo "2520"]
[TimeControl "180+1"]
[EndTime "11:18:57 PDT"]
[Termination "smshk35 won by resignation"]

1. e4 c5 2. Nf3 Nc6 3. d4 cxd4 4.
Nxd4 Nf6 5. Nc3 e5 6. Ndb5 d6 7. Bg5 a6 8. Na3 b5 9. Bxf6 gxf6 10. Nd5 Bg7 11. Bd3 Ne7 12. Nxe7 Qxe7 13. c3 f5 14. exf5 e4 15. Bc2 Bb7 16. O-O d5 17. Bb3 O-O 18. Nc2 Qf6 19. Ne3 Rad8 20. a4 b4 21. Bxd5 bxc3 22. bxc3 Qxc3 23. Ra2 Bxd5 24. Nxd5 Qd3 25.
Rd2 Rxd5 26. Rxd3 exd3 27. f6 Bxf6 28. Qf3 Rd6 29. Qg3+ 1-0

[Event "*** Titled Tuesday Blitz"]
[Site "Chess.com"]
[Date "2020.04.21"]
[Round "7"]
[White "hellokostya"]
[Black "annamaja"]
[Result "1-0"]
[WhiteElo "2478"]
[BlackElo "2233"]
[TimeControl "180+1"]
[EndTime "11:19:01 PDT"]
[Termination "hellokostya won by checkmate"]

1. d4 Nf6 2. c4 e6 3. Nf3 d5 4. Nc3 a6 5. cxd5 exd5 6. Bf4 Bd6 7. Be5 c6 8. e3 O-O 9. Bd3 Bg4 10.
Qc2 h6 11. h3 Bxf3 12. gxf3 Bxe5 13. dxe5 Nfd7 14. f4 Nc5 15. O-O-O Nxd3+ 16. Qxd3 Nd7 17. Rhg1 Qh4 18. Rg4 Qxh3 19. Rdg1 g5 20. Qf5 Kh8 21. Qxd7 h5 22. Rxg5 Qxd7 23. Rxh5# 1-0

[Event "*** Titled Tuesday Blitz"]
[Site "Chess.com"]
[Date "2020.04.21"]
[Round "7"]
[White "cukin84"]
[Black "Saloni1299"]
[Result "0-1"]
[WhiteElo "2123"]
[BlackElo "2286"]
[TimeControl "180+1"]
[EndTime "11:19:07 PDT"]
[Termination "Saloni1299 won by resignation"]

1. e4 e6 2. d4 d5 3. Nc3 Bb4 4.
exd5 exd5 5. Bd3 c6 6. Bf4 Ne7 7. Qh5 Ng6 8. Bxg6 fxg6 9. Qe2+ Qe7 10. O-O-O Bxc3 11. bxc3 Qxe2 12. Nxe2 Kf7 13. Bd6 Re8 14. Nf4 Bf5 15. f3 g5 16. Bxb8 Raxb8 17. Nd3 Bxd3 18. cxd3 Re2 19. Rd2 Rbe8 20. Rhd1 Kf6 21. Kc2 Kf5 22.
g3 h5 23. h3 h4 24. gxh4 gxh4 25. Rg1 g5 26. Rg4 R8e3 27. a4 Rxd2+ 28. Kxd2 Rxf3 29. Rg1 Rxh3 30. Rf1+ Kg4 31. Rf7 Rh2+ 32. Kc1 Ra2 33. Rxb7 h3 34. Rh7 Rxa4 35. Kb2 Kg3 36. Kb3 Ra1 37. c4 h2 38. cxd5 cxd5 39. Kb4 h1=Q 0-1

[Event "*** Titled Tuesday Blitz"]
[Site "Chess.com"]
[Date "2020.04.21"]
[Round "7"]
[White "jonaszmb"]
[Black "ClockworkKubrick"]
[Result "1-0"]
[WhiteElo "2468"]
[BlackElo "2184"]
[TimeControl "180+1"]
[EndTime "11:19:08 PDT"]
[Termination "jonaszmb won by checkmate"]

1. e4 d6 2. d4 Nf6 3. f3 g6 4.
c4 Bg7 5. Nc3 O-O 6. Be3 c5 7.
Nge2 Nc6 8. d5 Ne5 9. Ng3 e6 10. Be2 exd5 11. cxd5 a6 12. a4 Rb8 13. O-O Bd7 14.
h3 b5 15. axb5 axb5 16. f4 Nc4 17. Bxc4 bxc4 18. e5 Ne8 19. Nce4 Bb5 20. Rf2 dxe5 21.
f5 Nd6 22. Nxd6 Qxd6 23. Ne4 Qd7 24. f6 Bh8 25. Bxc5 Rfd8 26. Be7 Rdc8 27. Qd2 Ra8 28. Rxa8 Rxa8 29. Qh6 Ra1+ 30. Kh2 Qxd5 31. Ng5 e4 32. Qxh7# 1-0

[Event "*** Titled Tuesday Blitz"]
[Site "Chess.com"]
[Date "2020.04.21"]
[Round "7"]
[White "Kezin_Roman"]
[Black "GadimbayliA"]
[Result "1-0"]
[WhiteElo "2753"]
[BlackElo "2913"]
[TimeControl "180+1"]
[EndTime "11:19:13 PDT"]
[Termination "Kezin_Roman won by resignation"]

1. d4 d5 2. c4 e5 3. dxe5 d4 4. Nf3 Nc6 5. g3 Nge7 6. Bg2 Ng6 7. Bg5 Qd7 8. e6 fxe6 9. O-O e5 10. Ne1 h6 11.
Bc1 Qf7 12. Nd2 Be6 13. Nd3 Be7 14. b3 O-O 15. Ne4 Bf5 16. Nec5 Rab8 17. Bd5 Bh3 18. Bxf7+ Rxf7 19. Ne4 Rbf8 20. f3 Bxf1 21. Qxf1 Nb4 22. Nxb4 Bxb4 23. Qd1 Ne7 24. Qd3 Nc6 25. a3 Be7 26. b4 Nd8 27. Bd2 Ne6 28. Kg2 c6 29. c5 Nc7 30. Rf1 a6 31. e3 dxe3 32. Bxe3 Rd8 33. Qc4 Nd5 34. Bc1 Bf8 35. Qe2 Rfd7 36. Rf2 Nc7 37. Bb2 Re8 38. f4 1-0

[Event "*** Titled Tuesday Blitz"]
[Site "Chess.com"]
[Date "2020.04.21"]
[Round "7"]
[White "sergiochess83"]
[Black "agus_k"]
[Result "1/2-1/2"]
[WhiteElo "2816"]
[BlackElo "2621"]
[TimeControl "180+1"]
[EndTime "11:19:14 PDT"]
[Termination "Game drawn by repetition"]

1. e4 c5 2. Nf3 d6 3. d4 cxd4 4. Nxd4 Nf6 5. Nc3 a6 6. Be3 Nc6 7. f3 e6 8. Qd2 Bd7 9. g4 h6 10. O-O-O Qc7 11. h4 b5 12. Nxc6 Bxc6 13. Ne2 Nd7 14.
Nd4 Bb7 15. Kb1 Nb6 16. Qa5 Rc8 17. Rh2 d5 18. Rhd2 Nc4 19. Qxc7 Nxd2+ 20. Rxd2 Rxc7 21.
e5 h5 22. g5 g6 23. f4 Bc5 24. a3 Ke7 25. b4 Bxd4 26. Bxd4 Rhc8 27. Kb2 Rc4 28. Bxc4 Rxc4 29. c3 Bc6 30. Rd1 Bb7 31.
Ra1 Bc6 32. Kc2 Kd7 33. Kd3 Kc7 34. Ke3 Kd7 35. Kd3 Kc7 36. Ke3 Kd7 37. Kd3 1/2-1/2

[Event "*** Titled Tuesday Blitz"]
[Site "Chess.com"]
[Date "2020.04.21"]
[Round "7"]
[White "vlad_Sid"]
[Black "ViktoriyaTarasova"]
[Result "1-0"]
[WhiteElo "2629"]
[BlackElo "2410"]
[TimeControl "180+1"]
[EndTime "11:19:16 PDT"]
[Termination "vlad_Sid won by resignation"]

1. c4 c5 2. g3 Nc6 3. Bg2 e5 4. Nc3 g6 5. Nf3 Bg7 6. O-O Nge7 7. Ne1 O-O 8. Nc2 d6 9. a3 a5 10. Rb1 Be6 11. Ne3 Rb8 12. d3 Qd7 13. Re1 Nd4 14. b4 axb4 15. axb4 b5 16. bxc5 b4 17. Ne4 d5 18. cxd5 Nxd5 19. Nxd5 Bxd5 20. Bb2 f5 21. Bxd4 exd4 22. Nd6 Bxg2 23. Kxg2 Qc6+ 24. f3 Qxc5 25. Qb3+ Kh8 26. Nf7+ Kg8 27. Nh6+ Kh8 28. Qg8+ 1-0

[Event "*** Titled Tuesday Blitz"]
[Site "Chess.com"]
[Date "2020.04.21"]
[Round "7"]
[White "Shahinyan_ChessMood"]
[Black "LucaBrasi1968"]
[Result "1-0"]
[WhiteElo "2666"]
[BlackElo "2492"]
[TimeControl "180+1"]
[EndTime "11:19:17 PDT"]
[Termination "Shahinyan_ChessMood won by resignation"]

1. e4 c6 2. d4 d5 3. exd5 cxd5 4.
Bd3 Nf6 5. c3 Nc6 6. Bf4 Bg4 7.
Qb3 Qd7 8. Nd2 e6 9. Ngf3 Bd6 10. Bxd6 Qxd6 11. O-O O-O 12. Rae1 Rab8 13. Ne5 Bh5 14. Qc2 Rbc8 15. Qb1 a6 16. f4 Bg6 17. Nxg6 hxg6 18. Qd1 b5 19. a3 Rb8 20. Qe2 Ne7 21. Nf3 Qxf4 22. Ne5 Qg5 23. Rf3 Nf5 24. Rh3 Rfc8 25.
Nxf7 1-0

[Event "*** Titled Tuesday Blitz"]
[Site "Chess.com"]
[Date "2020.04.21"]
[Round "7"]
[White "varacalli"]
[Black "Qingdom"]
[Result "1-0"]
[WhiteElo "2342"]
[BlackElo "2190"]
[TimeControl "180+1"]
[EndTime "11:19:17 PDT"]
[Termination "varacalli won by resignation"]

1. d4 d5 2. Nf3 c5 3. c4 e6 4.
cxd5 exd5 5. g3 Nc6 6. Bg2 Bg4 7. Ne5 Nxe5 8. dxe5 Be6 9. Nc3 Ne7 10. Bg5 Qb8 11.
f4 h6 12. Bxe7 Bxe7 13. Nxd5 Bd8 14. O-O O-O 15. Rc1 b6 16. f5 Bc8 17. f6 Qxe5 18. Ne7+ Bxe7 19. fxe7 Qe3+ 20. Kh1 Qxe7 21. Bxa8 Bb7+ 22.
Bxb7 Qxb7+ 23. Kg1 Qa6 24. a3 Re8 25. Qd3 Qa4 26.
Rc4 Qc6 27. Qf3 Qe6 28. Rf4 f6 29. Rd1 Qxe2 30. Qxe2 Rxe2 31. Rf2 Re7 32. Rfd2 Kf7 33. Rd7 Ke6 34. Rxe7+ Kxe7 35. Kf2 Ke6 36. h4 g5 37. Kf3 f5 38. hxg5 hxg5 39. g4 fxg4+ 40. Kxg4 c4 41.
Kxg5 Ke5 42. Kg4 Ke4 43. Rd7 a5 44. Rb7 c3 45. bxc3 Kd3 46. Rxb6 Kxc3 47. a4 1-0

[Event "*** Titled Tuesday Blitz"]
[Site "Chess.com"]
[Date "2020.04.21"]
[Round "7"]
[White "mitraasz"]
[Black "ADODOVE"]
[Result "1-0"]
[WhiteElo "2215"]
[BlackElo "1908"]
[TimeControl "180+1"]
[EndTime "11:19:20 PDT"]
[Termination "mitraasz won on time"]

1. d4 Nf6 2. Nf3 c5 3. c3 Qc7 4. g3 g6 5. Bf4 d6 6. Bg2 Nh5 7. Bd2 Bg7 8. O-O O-O 9. e4 Bg4 10. h3 Bxf3 11. Bxf3 Nf6 12. Re1 e5 13. dxe5 dxe5 14.
Na3 Nc6 15. Qc2 Rad8 16. Rad1 Rd7 17. Be3 b6 18. Nb5 Qd8 19. Rxd7 Qxd7 20. Rd1 Qxh3 21. Rd6 1-0

[Event "*** Titled Tuesday Blitz"]
[Site "Chess.com"]
[Date "2020.04.21"]
[Round "7"]
[White "SmirnovAlexandrA"]
[Black "Boorchess"]
[Result "0-1"]
[WhiteElo "2353"]
[BlackElo "2553"]
[TimeControl "180+1"]
[EndTime "11:19:25 PDT"]
[Termination "Boorchess won by resignation"]

1. e4 e6 2. d4 d5 3. Nc3 Nf6 4. e5 Nfd7 5. Nf3 c5 6. dxc5 Nc6 7. Bf4 Bxc5 8. Bd3 a6 9. Qe2 h6 10. O-O-O Qc7 11. Bg3 Bb4 12. Nxd5 Qa5 13. Nxb4 Nxb4 14. a3 Nc6 15. Rhe1 Nc5 16. Qd2 Qb6 17. Be4 O-O 18. Kb1 Rd8 19. Qc1 Rxd1 20. Qxd1 Na4 0-1

[Event "*** Titled Tuesday Blitz"]
[Site "Chess.com"]
[Date "2020.04.21"]
[Round "7"]
[White "ftorodent"]
[Black "binbin239"]
[Result "1-0"]
[WhiteElo "2654"]
[BlackElo "2441"]
[TimeControl "180+1"]
[EndTime "11:19:27 PDT"]
[Termination "ftorodent won by resignation"]

1. d4 Nf6 2. c4 g6 3. Nc3 d5 4.
cxd5 Nxd5 5. e4 Nxc3 6. bxc3 Bg7 7.
Bg5 c5 8. Rc1 O-O 9. d5 Qc7 10.
Nf3 Nd7 11. Bxe7 Re8 12. d6 Qa5 13. Qd2 Nb6 14. Be2 Be6 15. O-O Qxa2 16. Qxa2 Bxa2 17. Bb5 Nc8 18. d7 Nxe7 19. dxe8=Q+ 1-0

[Event "*** Titled Tuesday Blitz"]
[Site "Chess.com"]
[Date "2020.04.21"]
[Round "7"]
[White "Jadro9"]
[Black "benko_008"]
[Result "1-0"]
[WhiteElo "2707"]
[BlackElo "2511"]
[TimeControl "180+1"]
[EndTime "11:19:30 PDT"]
[Termination "Jadro9 won by resignation"]

1. e4 c5 2. Nf3 e6 3. b3 Nf6 4. e5 Ng8 5. Bb2 d5 6. exd6 Nf6 7. Bb5+ Bd7 8. Qe2 Bxd6 9. Bxd7+ Nbxd7 10. O-O O-O 11.
d4 cxd4 12. Nxd4 Qb8 13. h3 a6 14. c4 Re8 15. Nc3 Qc7 16. Rfd1 Bh2+ 17. Kh1 Bf4 18. Qf3 Rad8 19. Nce2 Bd6 20. Rac1 Bf8 21. a3 e5 22. Nf5 e4 23. Qe3 Bc5 24. Qg5 Bf8 25.
Nh6+ Kh8 26. Nxf7+ Kg8 27. Nxd8 Rxd8 28. Ng3 h6 29.
Qg6 Ne5 30. Bxe5 Rxd1+ 31. Rxd1 Qxe5 32. Nf5 1-0

[Event "*** Titled Tuesday Blitz"]
[Site "Chess.com"]
[Date "2020.04.21"]
[Round "7"]
[White "juniortay"]
[Black "Chessalary"]
[Result "1-0"]
[WhiteElo "2400"]
[BlackElo "2251"]
[TimeControl "180+1"]
[EndTime "11:19:33 PDT"]
[Termination "juniortay won by resignation"]

1. e4 e5 2. Nc3 Nf6 3. Bc4 Nxe4 4. Nf3 Nxc3 5. dxc3 Nc6 6. Ng5 d6 7. Nxf7 Qh4 8. Qe2 Na5 9. Bd5 c6 10. Bg5 Qg4 11.
Bf3 Qf5 12. Nxh8 Qxg5 13. b4 d5 14. h4 Qf5 15. g4 Qf4 16. bxa5 Bc5 17. g5 Bf5 18.
Rb1 O-O-O 19. Nf7 e4 20. Nxd8 exf3 21. Qe8 Bd7 22. Ne6+ Bxe8 23. Nxf4 1-0

[Event "*** Titled Tuesday Blitz"]
[Site "Chess.com"]
[Date "2020.04.21"]
[Round "7"]
[White "Vice64"]
[Black "grunbergmihai"]
[Result "1-0"]
[WhiteElo "2529"]
[BlackElo "2371"]
[TimeControl "180+1"]
[EndTime "11:19:36 PDT"]
[Termination "Vice64 won by resignation"]

1. e4 Nf6 2. Nc3 d5 3. d3 dxe4 4. Nxe4 Nxe4 5. dxe4 Qxd1+ 6. Kxd1 c6 7. c3 e5 8. Kc2 Bc5 9. Nf3 Bxf2 10. Nxe5 O-O 11.
Bc4 Be6 12. Bxe6 fxe6 13. Rf1 Na6 14. b4 Bh4 15. Be3 Rfd8 16. Rad1 Bf6 17. Ng4 Rxd1 18. Nxf6+ gxf6 19. Rxd1 Rf8 20. Bh6 Rc8 21. Be3 b6 22.
Rd6 Kf7 23. Rd7+ Kg6 24. Rxa7 Nc7 25. Bxb6 Nb5 26. Rd7 Ra8 27. Kb2 h5 28. c4 Na3 29.
Kb3 Nb1 30. Rd1 Na3 31. Ba5 1-0

[Event "*** Titled Tuesday Blitz"]
[Site "Chess.com"]
[Date "2020.04.21"]
[Round "7"]
[White "Zq1"]
[Black "Irishchessman16"]
[Result "1-0"]
[WhiteElo "2571"]
[BlackElo "2399"]
[TimeControl "180+1"]
[EndTime "11:19:41 PDT"]
[Termination "Zq1 won by resignation"]

1. d4 f5 2. Nf3 Nf6 3. Bg5 e6 4. Nbd2 d5 5. e3 Bd6 6. c4 c6 7. Bd3 O-O 8. O-O Nbd7 9. cxd5 exd5 10. Bxf5 Qe8 11. Qc2 h6 12. Bh4 Nb6 13. Bxc8 Rxc8 14. Bg3 Bxg3 15. hxg3 Ng4 16. Nh2 Nxh2 17. Kxh2 Qh5+ 18.
Kg1 Rf6 19. Qd1 Qf7 20. Nf3 Nd7 21. Ne5 Nxe5 22. dxe5 Re6 23. f4 Qf5 24. g4 Qe4 25. Qd4 Qxd4 26. exd4 Rf8 27. f5 Ree8 28. b4 a6 29. a4 Ra8 30. Rab1 b5 31. Rfc1 Rfc8 32. a5 Kf7 33. Rc3 Ke7 34. Rbc1 Kd7 35. Kf2 h5 36.
Kg3 hxg4 37. Kxg4 Rc7 38. Rh1 1-0